 Dungeon Crawl Stone Soup version 0.30-a0-43-gbbf338a72c (webtiles) character file.

Game seed: 12380679477870086037

70 LnG the Trooper (level 4, -8/41 HPs)
             Began as a Hill Orc Fighter on Aug 31, 2022.
             Killed by an exploding orc (14 damage)
             ... ignited by their inner flame
             ... on level 3 of the Dungeon.
             The game lasted 00:06:01 (2206 turns).

LnG the Trooper (Hill Orc Fighter)                  Turns: 2206, Time: 00:06:01

Health: -8/41      AC:  7    Str: 20    XL:     4   Next: 22%
Magic:  4/4        EV:  9    Int:  8    God:
Gold:   127        SH:  4    Dex: 10    Spells: 3/3 levels left

rFire   . . .      SeeInvis .    a - +0 war axe
rCold   . . .      Faith    .    c - +0 buckler
rNeg    . . .      Spirit   .    b - +0 scale mail
rPois   .          Reflect  .    (no helmet)
rElec   .          Harm     .    (no cloak)
rCorr   .          Rampage  .    (no gloves)
Will    .....                    (no boots)
Stlth   ..........               (no amulet)
HPRegen 0.13/turn                (no ring)
MPRegen 0.09/turn                (no ring)

@: no status effects
A: no striking features
a: no special abilities


You were on level 3 of the Dungeon.
You visited 1 branch of the dungeon, and saw 3 of its levels.

You collected 127 gold pieces.

Inventory:

Hand Weapons
 a - a +0 war axe (weapon)
Armour
 b - a +0 scale mail (worn)
 c - a +0 buckler (worn)
Jewellery
 e - a ring of fire
 j - a +4 ring of protection
Scrolls
 f - a scroll of fear {unknown}
 g - a scroll of identify {unknown}
 i - a scroll of enchant weapon {unknown}
 k - a scroll of immolation
 m - a scroll of enchant armour {unknown}
Potions
 d - a potion of might
 h - 2 potions of curing {unknown}
 l - a potion of heal wounds {unknown}
 n - a potion of haste {unknown}


   Skills:
 + Level 4.3 Fighting
 + Level 4.1 Axes
 + Level 3.7 Armour
 + Level 0.1 Dodging
 + Level 3.7 Shields


You had 3 spell levels left.
You didn't know any spells.
Your spell library contained the following spells:

 Spells                   Type           Power      Damage    Failure   Level
 Sandblast                Erth           0%         2d4       85%         1
 Passwall                 Tmut/Erth      0%         N/A       94%         2
 Stone Arrow              Conj/Erth      0%         3d7       99%         3


Dungeon Overview and Level Annotations

Branches:
Dungeon (3/15)

Altars:
Fedhas


Message History

You slash something! Something hits you but does no damage.
You hear some strange, mumbled words.
A puff of flame appears from out of thin air!
The puff of flame hits you.
You closely miss something. Something hits you.
You barely miss something. Something hits you.
You closely miss something. Something hits you but does no damage.
You block something's attack.
You closely miss something. Something hits you but does no damage.
You closely miss something. Something hits you.
* * * LOW HITPOINT WARNING * * *
Something hits you but does no damage. Something hits you but does no damage.
Something hits you but does no damage. Something hits you but does no damage.
You hear some strange, mumbled words.
A puff of flame appears from out of thin air!
The puff of flame hits you.
* * * LOW HITPOINT WARNING * * *
A magic dart appears from out of thin air!
The magic dart hits you but does no damage.
An orc comes into view. It is wielding a +0 hand axe.
An orc comes into view. It is wielding a +0 falchion.
The orc shouts!
An orc comes into view. It is wielding a +0 club.
As you read the scroll labelled JOJOFENAEWN, it crumbles to dust.
The creatures around you are filled with an inner flame!
It was a scroll of immolation.
The orc shouts!
You barely miss something. Something hits you.
* * * LOW HITPOINT WARNING * * *
You miss something.
An orc wizard appears from thin air!
Reactivating autopickup.
The orc wizard hits you but does no damage.
You barely miss the orc wizard.
The orc wizard is heavily wounded.
You slash the orc!
The orc explodes!
The fiery explosion engulfs you!
You die...

....................
.................#
.................#####
.....)...)...........#
.....)......####.###.#
.##.........# #.#<#.#
...............#.#.#.#
.###+#########.#o#.#.#
#.§@#.#.# #.§§#...#
#.§§##### #o#.. ..###
o.. ..#. ...


You could see an orc wizard (inner flame) and 2 orcs.

Vanquished Creatures
  An adder (D:3)
  A worm (D:2)
  A dart slug (D:1)
  5 orcs (D:3)
  7 ball pythons
  5 endoplasms
  2 giant cockroaches
  4 goblins
  4 hobgoblins (D:1)
  2 kobolds
  4 quokkas
  5 bats
  2 frilled lizards
  7 rats
50 creatures vanquished.

Notes
Turn   | Place    | Note
-------+----------+-------------------------------------------
     0 | D:1      | LnG the Hill Orc Fighter began the quest for the Orb.
     0 | D:1      | Reached XP level 1. HP: 19/19 MP: 1/1
   121 | D:1      | Reached XP level 2. HP: 25/27 MP: 2/2
   456 | D:1      | Reached XP level 3. HP: 33/33 MP: 3/3
   487 | D:1      | Found a faded altar of an unknown god.
  1083 | D:2      | Found a blossoming altar of Fedhas.
  2142 | D:3      | Reached XP level 4. HP: 38/40 MP: 4/4
  2206 | D:3      | Killed by an exploding orc... ignited by their inner flame

Illustrated notes

Levels and vault maps discovered:
D:1:      beargit_arrival_diablo_church, layout_basic,
          hellmonk_ecumenical_altar_inner_sanctum
D:2:      layout_basic, basic_altar
D:3:      layout_basic, uniq_natasha

Skill      XL: |  1  2  3  4 |
---------------+-------------+-----
Fighting       | 4 |  4.3
Axes           | 3 4 |  4.1
Armour         | |  3.7
Dodging        | |  0.1
Shields        | |  3.7

Action                   |  1- 3 |  4- 6 || total
-------------------------+-------+-------++-------
Melee: War axe           |   104 |    30 ||   134
  Use: Scroll            |       |     1 ||     1
Armor: Scale mail        |    61 |    24 ||    85
Dodge: Dodged            |    62 |     4 ||    66
Block: Buckler           |    39 |     6 ||    45

Table legend: (Time is in decaauts)
 A = Elapsed time spent in this place.
 B = Non-inter-level travel time spent in this place.
 C = Inter-level travel time spent in this place.
 D = Time resting spent in this place.
 E = Time spent auto-exploring this place.
 F = Levels seen in this place.
 G = Mean time per level.
                   A        B        C        D        E       F      G
               +--------+--------+--------+--------+--------+-----+--------+
         Total |   2256 |   2256 |      0 |    251 |   1173 |   3 |  752.0 |
       Dungeon |   2256 |   2256 |      0 |    251 |   1173 |   3 |  752.0 |
               +--------+--------+--------+--------+--------+-----+--------+

Top non-repeatable levels by time:
     D:2: 1154 daAuts
     D:1: 995 daAuts
     D:3: 107 daAuts
